[ AOE2 MATCH · #469681278 ]
UnrankedDravidians vs Persians
[ REPLAY ANALYSIS · EXTRACTED FROM THE RECORDED GAME ]
Feudal
11:54
Castle
15:28
Imperial
30:49
| APM avg | 17.7 |
| APM peak | 45 |
| eAPM avg | 13.1 |
| Villagers / military | 122 / 54 |
Focus
⚔️ 23.6% · 🌾 76.4%
Elephant Archer ×30 · Spearman ×21 · Monk ×2 · Urumi Swordsman ×1
Feudal
10:57
Castle
14:29
Imperial
31:54
| APM avg | 36.2 |
| APM peak | 110 |
| eAPM avg | 24.2 |
| Villagers / military | 195 / 76 |
Focus
⚔️ 26.7% · 🌾 73.3%
Archer ×40 · Monk ×24 · Organ Gun ×5 · Bombard Cannon ×4 · Trebuchet (Packed) ×2 · Mangonel ×1
Feudal
10:18
Castle
14:35
Imperial
27:59
| APM avg | 47.5 |
| APM peak | 84 |
| eAPM avg | 22.1 |
| Villagers / military | 127 / 169 |
Focus
⚔️ 37.6% · 🌾 62.4%
Knight ×139 · Scout Cavalry ×30
Feudal
10:45
Castle
16:32
Imperial
35:24
| APM avg | 25.8 |
| APM peak | 75 |
| eAPM avg | 13.7 |
| Villagers / military | 115 / 74 |
Focus
⚔️ 23.6% · 🌾 76.4%
Knight ×74
Feudal
10:34
Castle
14:14
Imperial
37:33
| APM avg | 39.4 |
| APM peak | 72 |
| eAPM avg | 15.7 |
| Villagers / military | 89 / 74 |
Focus
⚔️ 26.4% · 🌾 73.6%
Conquistador ×56 · Knight ×10 · Petard ×3 · Mangonel ×3 · Trebuchet (Packed) ×2
Feudal
10:56
Castle
14:28
Imperial
29:01
| APM avg | 42.3 |
| APM peak | 86 |
| eAPM avg | 24.1 |
| Villagers / military | 174 / 128 |
Focus
⚔️ 35.6% · 🌾 64.4%
Scout Cavalry ×51 · Mangudai ×47 · Mangonel ×16 · Battering Ram ×9 · Trebuchet (Packed) ×5
Match map
Initial resources + every placement click. Lines = walls · curves = elevation contours. ◆ gold · ⬟ stone · ● berries · ✦ relic · ◌ wall gap
Your base· ✓ Closed at 15:28 · 0t walls · 2 gate(s)
Quando's base· ✓ Closed at 14:29 · 0t walls · 3 gate(s)
The_Night_Wolf's base· ✓ Closed at 14:35 · 0t walls · 2 gate(s)
Fr4ggi's base· ✓ Closed at 16:32 · 0t walls · 2 gate(s)
DarkWolf110722's base· ✓ Closed at 14:14 · 0t walls · 2 gate(s)
pickmyself or end's base· ✓ Closed at 14:28 · 0t walls · 3 gate(s)
Smoothed initial terrain · ◌ = detected wall gap · hover for details
Inputs per minute
— Relief - - Quando
Build order — Relief
First 150 of 347 actions detected
| 0:01 | Queue | Villager (Male) |
| 0:01 | Queue | Villager (Male) |
| 0:04 | Build | House |
| 0:05 | Build | House |
| 0:32 | Queue | Villager (Male) |
| 0:32 | Queue | Villager (Male) |
| 0:32 | Queue | Villager (Male) |
| 1:25 | Queue | Villager (Male) |
| 1:49 | Build | Lumber Camp |
| 2:09 | Queue | Villager (Male) |
| 2:22 | Queue | Villager (Male) |
| 2:47 | Queue | Villager (Male) |
| 3:06 | Queue | Villager (Male) |
| 3:36 | Queue | Villager (Male) |
| 4:00 | Build | House |
| 4:02 | Build | House |
| 4:07 | Queue | Villager (Male) |
| 4:26 | Build | Mill |
| 4:43 | Queue | Villager (Male) |
| 4:43 | Queue | Villager (Male) |
| 5:07 | Queue | Villager (Male) |
| 5:44 | Queue | Villager (Male) |
| 5:44 | Queue | Villager (Male) |
| 6:39 | Build | Farm |
| 6:41 | Queue | Villager (Male) |
| 6:55 | Build | Farm |
| 6:59 | Build | Farm |
| 7:14 | Queue | Villager (Male) |
| 7:37 | Queue | Villager (Male) |
| 7:38 | Queue | Villager (Male) |
| 7:45 | Build | House |
| 8:11 | Queue | Villager (Male) |
| 8:14 | Build | Mining Camp |
| 8:38 | Queue | Villager (Male) |
| 8:39 | Queue | Villager (Male) |
| 9:31 | Build | Mining Camp |
| 9:32 | Research | Feudal Age |
| 9:56 | Queue | Villager (Male) |
| 10:01 | Queue | Villager (Male) |
| 11:54 | Age | Feudal Age |
| 11:58 | Build | Market |
| 12:02 | Build | Blacksmith |
| 12:04 | Build | House |
| 12:48 | Research | Castle Age |
| 13:38 | Queue | Villager (Male) |
| 13:40 | Research | Double-Bit Axe |
| 14:47 | Research | Horse Collar |
| 15:27 | Build | Farm |
| 15:28 | Age | Castle Age |
| 15:32 | Queue | Villager (Male) |
| 15:42 | Build | Town Center |
| 15:51 | Build | Monastery |
| 16:09 | Build | Castle |
| 16:14 | Queue | Villager (Male) |
| 16:27 | Queue | Villager (Male) |
| 16:38 | Queue | Monk |
| 16:41 | Build | Farm |
| 16:45 | Queue | Villager (Male) |
| 16:46 | Queue | Villager (Male) |
| 17:03 | Build | Town Center |
| 17:05 | Queue | Villager (Male) |
| 17:13 | Build | Farm |
| 17:17 | Queue | Villager (Male) |
| 17:22 | Queue | Monk |
| 17:41 | Queue | Villager (Male) |
| 17:47 | Build | Farm |
| 17:50 | Build | Farm |
| 17:53 | Build | Farm |
| 18:00 | Queue | Villager (Male) |
| 18:01 | Queue | Villager (Male) |
| 18:15 | Research | Loom |
| 18:21 | Queue | Urumi Swordsman |
| 18:43 | Queue | Villager (Male) |
| 18:52 | Build | Farm |
| 18:54 | Build | Farm |
| 18:58 | Build | Farm |
| 19:01 | Build | Farm |
| 19:01 | Queue | Villager (Male) |
| 19:08 | Build | Farm |
| 19:09 | Build | Farm |
| 19:12 | Build | Farm |
| 19:17 | Build | Farm |
| 19:18 | Queue | Villager (Male) |
| 19:18 | Queue | Villager (Male) |
| 19:23 | Queue | Villager (Male) |
| 19:38 | Queue | Villager (Male) |
| 19:48 | Queue | Villager (Male) |
| 19:57 | Build | Farm |
| 19:58 | Queue | Villager (Male) |
| 20:32 | Queue | Villager (Male) |
| 20:32 | Queue | Villager (Male) |
| 20:38 | Queue | Villager (Male) |
| 20:39 | Queue | Villager (Male) |
| 20:52 | Queue | Villager (Male) |
| 21:00 | Queue | Villager (Male) |
| 21:08 | Build | Farm |
| 21:09 | Queue | Villager (Male) |
| 21:19 | Queue | Villager (Male) |
| 21:29 | Queue | Villager (Male) |
| 21:38 | Queue | Villager (Male) |
| 21:40 | Queue | Villager (Male) |
| 21:46 | Build | Farm |
| 21:47 | Queue | Villager (Male) |
| 22:05 | Queue | Villager (Male) |
| 22:06 | Queue | Villager (Male) |
| 22:11 | Build | Farm |
| 22:16 | Queue | Villager (Male) |
| 22:20 | Build | Barracks |
| 22:21 | Queue | Villager (Male) |
| 22:22 | Queue | Villager (Male) |
| 22:25 | Build | Farm |
| 22:33 | Build | Farm |
| 22:37 | Queue | Villager (Male) |
| 22:37 | Queue | Villager (Male) |
| 22:54 | Build | House |
| 22:57 | Research | Wheelbarrow |
| 23:02 | Queue | Villager (Male) |
| 23:14 | Build | House |
| 23:15 | Build | House |
| 23:17 | Build | House |
| 23:18 | Build | House |
| 23:19 | Build | House |
| 23:46 | Queue | Villager (Male) |
| 23:47 | Queue | Villager (Male) |
| 23:50 | Build | House |
| 23:56 | Queue | Villager (Male) |
| 24:07 | Build | Mill |
| 24:08 | Build | Farm |
| 24:08 | Build | Farm |
| 24:09 | Build | Farm |
| 24:09 | Build | Farm |
| 24:10 | Build | Farm |
| 24:10 | Build | Farm |
| 24:11 | Build | Farm |
| 24:11 | Build | Farm |
| 24:27 | Build | Lumber Camp |
| 24:30 | Build | Lumber Camp |
| 24:42 | Queue | Villager (Male) |
| 24:45 | Research | Bow Saw |
| 24:48 | Research | Heavy Plow |
| 24:50 | Research | Hand Cart |
| 24:51 | Queue | Villager (Male) |
| 25:00 | Build | Farm |
| 25:02 | Build | Farm |
| 25:07 | Build | Farm |
| 25:09 | Queue | Villager (Male) |
| 25:09 | Queue | Villager (Male) |
| 25:12 | Build | House |
| 25:14 | Build | House |
| 25:23 | Build | Archery Range |
Build order — Quando
First 150 of 420 actions detected
| 0:00 | Queue | Villager (Male) |
| 0:00 | Queue | Villager (Male) |
| 0:01 | Queue | Villager (Male) |
| 0:01 | Queue | Villager (Male) |
| 0:02 | Build | House |
| 0:03 | Build | House |
| 1:39 | Queue | Villager (Male) |
| 1:39 | Queue | Villager (Male) |
| 1:47 | Build | Lumber Camp |
| 2:31 | Queue | Villager (Male) |
| 2:32 | Queue | Villager (Male) |
| 2:32 | Queue | Villager (Male) |
| 3:17 | Queue | Villager (Male) |
| 3:17 | Queue | Villager (Male) |
| 3:27 | Queue | Villager (Male) |
| 3:36 | Queue | Villager (Male) |
| 3:51 | Build | House |
| 3:52 | Build | House |
| 3:53 | Build | House |
| 4:29 | Queue | Villager (Male) |
| 4:30 | Queue | Villager (Male) |
| 4:35 | Build | Mill |
| 5:22 | Queue | Villager (Male) |
| 5:23 | Queue | Villager (Male) |
| 5:23 | Queue | Villager (Male) |
| 5:47 | Queue | Villager (Male) |
| 6:25 | Build | Farm |
| 6:32 | Queue | Villager (Male) |
| 6:32 | Queue | Villager (Male) |
| 6:43 | Build | Farm |
| 7:04 | Queue | Villager (Male) |
| 7:15 | Queue | Villager (Male) |
| 7:41 | Queue | Villager (Male) |
| 7:41 | Queue | Villager (Male) |
| 8:29 | Build | Mining Camp |
| 8:32 | Research | Feudal Age |
| 9:01 | Queue | Villager (Male) |
| 9:01 | Queue | Villager (Male) |
| 10:57 | Age | Feudal Age |
| 11:00 | Build | Market |
| 11:03 | Build | Blacksmith |
| 11:44 | Build | House |
| 11:46 | Build | House |
| 11:49 | Research | Castle Age |
| 11:49 | Research | Castle Age |
| 11:54 | Build | House |
| 12:06 | Research | Double-Bit Axe |
| 12:32 | Queue | Villager (Male) |
| 13:28 | Build | House |
| 13:28 | Research | Horse Collar |
| 13:34 | Build | Farm |
| 13:36 | Build | Farm |
| 14:05 | Build | House |
| 14:29 | Age | Castle Age |
| 14:30 | Build | Town Center |
| 14:33 | Build | Town Center |
| 14:37 | Build | Monastery |
| 14:38 | Queue | Villager (Male) |
| 14:43 | Build | Farm |
| 14:44 | Research | Bow Saw |
| 14:56 | Build | Farm |
| 14:58 | Build | Farm |
| 15:00 | Queue | Villager (Male) |
| 15:03 | Research | Loom |
| 15:09 | Queue | Villager (Male) |
| 15:15 | Build | Farm |
| 15:16 | Research | Loom |
| 15:22 | Queue | Monk |
| 15:26 | Build | House |
| 15:43 | Queue | Villager (Male) |
| 15:44 | Queue | Villager (Male) |
| 15:51 | Queue | Villager (Male) |
| 15:52 | Queue | Villager (Male) |
| 15:55 | Queue | Villager (Male) |
| 16:15 | Queue | Villager (Male) |
| 16:17 | Build | Farm |
| 16:19 | Build | Farm |
| 16:23 | Build | Farm |
| 16:37 | Queue | Villager (Male) |
| 16:38 | Queue | Monk |
| 16:45 | Build | House |
| 16:50 | Build | Farm |
| 16:52 | Build | Farm |
| 16:54 | Queue | Villager (Male) |
| 16:54 | Queue | Villager (Male) |
| 16:55 | Build | Farm |
| 17:06 | Queue | Villager (Male) |
| 17:10 | Build | Farm |
| 17:21 | Queue | Villager (Male) |
| 17:30 | Build | Farm |
| 17:37 | Queue | Monk |
| 17:38 | Queue | Villager (Male) |
| 17:45 | Build | House |
| 17:47 | Build | House |
| 17:57 | Build | House |
| 17:59 | Build | House |
| 18:00 | Build | House |
| 18:05 | Queue | Villager (Male) |
| 18:05 | Queue | Villager (Male) |
| 18:16 | Build | Farm |
| 18:16 | Queue | Villager (Male) |
| 18:19 | Build | Farm |
| 18:20 | Build | Farm |
| 18:29 | Build | Monastery |
| 18:34 | Queue | Villager (Male) |
| 18:34 | Queue | Villager (Male) |
| 18:43 | Queue | Villager (Male) |
| 18:45 | Build | Mining Camp |
| 18:50 | Research | Sanctity |
| 18:59 | Queue | Villager (Male) |
| 18:59 | Queue | Villager (Male) |
| 19:11 | Queue | Villager (Male) |
| 19:12 | Queue | Monk |
| 19:12 | Queue | Monk |
| 19:21 | Queue | Villager (Male) |
| 19:21 | Queue | Villager (Male) |
| 19:24 | Build | Farm |
| 19:25 | Build | Farm |
| 19:25 | Build | Farm |
| 19:26 | Build | Farm |
| 19:30 | Queue | Villager (Male) |
| 19:30 | Queue | Villager (Male) |
| 19:41 | Research | Town Watch |
| 19:58 | Queue | Villager (Male) |
| 19:59 | Queue | Villager (Male) |
| 20:03 | Queue | Villager (Male) |
| 20:03 | Queue | Villager (Male) |
| 20:06 | Build | Farm |
| 20:06 | Build | Farm |
| 20:07 | Build | Farm |
| 20:08 | Queue | Villager (Male) |
| 20:09 | Queue | Villager (Male) |
| 20:14 | Research | Fervor |
| 20:32 | Queue | Villager (Male) |
| 20:32 | Queue | Villager (Male) |
| 20:33 | Queue | Villager (Male) |
| 20:33 | Queue | Villager (Male) |
| 20:37 | Build | Farm |
| 20:41 | Queue | Villager (Male) |
| 20:41 | Queue | Villager (Male) |
| 20:43 | Build | Farm |
| 20:44 | Build | Farm |
| 20:46 | Build | Farm |
| 20:47 | Queue | Villager (Male) |
| 20:55 | Queue | Villager (Male) |
| 20:57 | Queue | Monk |
| 21:14 | Queue | Villager (Male) |
| 21:14 | Queue | Villager (Male) |
| 21:18 | Build | House |
| 21:23 | Queue | Villager (Male) |
Build order — The_Night_Wolf
First 150 of 510 actions detected
| 0:02 | Build | House |
| 0:05 | Build | House |
| 0:05 | Queue | Villager (Male) ×5 |
| 1:30 | Queue | Villager (Male) |
| 1:31 | Queue | Villager (Male) |
| 1:31 | Queue | Villager (Male) |
| 1:45 | Build | Lumber Camp |
| 2:07 | Queue | Villager (Male) |
| 2:07 | Queue | Villager (Male) |
| 2:07 | Queue | Villager (Male) |
| 2:24 | Queue | Villager (Male) |
| 2:24 | Queue | Villager (Male) |
| 3:01 | Queue | Villager (Male) |
| 3:02 | Queue | Villager (Male) |
| 3:23 | Queue | Villager (Male) |
| 3:44 | Build | House |
| 4:07 | Queue | Villager (Male) |
| 4:08 | Queue | Villager (Male) |
| 4:10 | Build | Mill |
| 4:22 | Queue | Villager (Male) |
| 4:23 | Queue | Villager (Male) |
| 4:43 | Queue | Villager (Male) |
| 5:49 | Build | House |
| 5:51 | Queue | Villager (Male) |
| 6:11 | Queue | Villager (Male) |
| 6:38 | Queue | Villager (Male) |
| 6:59 | Queue | Villager (Male) |
| 7:04 | Queue | Villager (Male) |
| 7:04 | Research | Loom |
| 7:34 | Research | Feudal Age |
| 7:34 | Research | Feudal Age |
| 8:07 | Build | Mining Camp |
| 8:31 | Build | Farm |
| 9:00 | Build | Farm |
| 9:18 | Build | Farm |
| 9:49 | Build | House |
| 10:10 | Queue | Villager (Male) |
| 10:18 | Age | Feudal Age |
| 10:20 | Build | Blacksmith |
| 10:34 | Queue | Villager (Male) |
| 10:37 | Build | Market |
| 10:51 | Build | Farm |
| 11:10 | Build | Farm |
| 11:57 | Queue | Villager (Male) |
| 12:10 | Research | Castle Age |
| 12:10 | Research | Castle Age |
| 12:14 | Research | Double-Bit Axe |
| 12:14 | Research | Double-Bit Axe |
| 12:28 | Build | Farm |
| 12:47 | Build | Farm |
| 14:23 | Queue | Villager (Male) |
| 14:24 | Queue | Villager (Male) |
| 14:35 | Age | Castle Age |
| 14:37 | Build | Town Center |
| 14:44 | Build | Town Center |
| 14:49 | Queue | Villager (Male) |
| 15:08 | Build | House |
| 15:09 | Build | House |
| 15:21 | Queue | Villager (Male) |
| 15:33 | Build | Farm |
| 15:41 | Queue | Villager (Male) |
| 15:41 | Queue | Villager (Male) |
| 16:01 | Queue | Villager (Male) |
| 16:03 | Queue | Villager (Male) |
| 16:05 | Queue | Villager (Male) |
| 16:06 | Research | Bow Saw |
| 16:07 | Research | Bow Saw |
| 16:15 | Queue | Villager (Male) |
| 16:16 | Queue | Villager (Male) |
| 16:17 | Build | Farm |
| 16:29 | Queue | Villager (Male) |
| 16:41 | Build | Mining Camp |
| 16:43 | Queue | Villager (Male) |
| 16:45 | Queue | Villager (Male) |
| 16:48 | Queue | Villager (Male) |
| 16:51 | Build | Farm |
| 16:54 | Queue | Villager (Male) |
| 17:01 | Build | Farm |
| 17:02 | Build | Farm |
| 17:10 | Queue | Villager (Male) |
| 17:13 | Build | Farm |
| 17:29 | Queue | Villager (Male) |
| 17:33 | Build | Farm |
| 17:43 | Queue | Villager (Male) |
| 17:45 | Build | Farm |
| 17:52 | Research | Gold Mining |
| 17:52 | Research | Gold Mining |
| 17:54 | Queue | Villager (Male) |
| 17:57 | Build | Farm |
| 18:00 | Build | Farm |
| 18:06 | Queue | Villager (Male) |
| 18:11 | Build | Farm |
| 18:15 | Queue | Villager (Male) |
| 18:18 | Build | Farm |
| 18:28 | Queue | Villager (Male) |
| 18:34 | Build | Farm |
| 18:39 | Queue | Villager (Male) |
| 18:43 | Build | Farm |
| 18:46 | Queue | Villager (Male) |
| 18:47 | Queue | Villager (Male) |
| 19:02 | Queue | Villager (Male) |
| 19:12 | Build | House |
| 19:13 | Build | House |
| 19:23 | Queue | Villager (Male) |
| 19:28 | Research | Wheelbarrow |
| 19:29 | Research | Wheelbarrow |
| 19:33 | Queue | Villager (Male) |
| 19:40 | Research | Horse Collar |
| 19:40 | Research | Horse Collar |
| 19:47 | Build | Farm |
| 19:48 | Build | Farm |
| 19:49 | Build | Farm |
| 19:50 | Build | Farm |
| 19:57 | Build | Farm |
| 19:59 | Queue | Villager (Male) |
| 20:01 | Queue | Villager (Male) |
| 20:09 | Build | House |
| 20:16 | Research | Stone Mining |
| 20:25 | Build | Farm |
| 20:27 | Queue | Villager (Male) |
| 20:28 | Queue | Villager (Male) |
| 20:32 | Build | Farm |
| 20:45 | Queue | Villager (Male) |
| 20:45 | Queue | Villager (Male) |
| 20:47 | Queue | Villager (Male) |
| 20:49 | Build | Farm |
| 20:56 | Build | House |
| 20:56 | Build | House |
| 20:59 | Queue | Villager (Male) |
| 21:00 | Queue | Villager (Male) |
| 21:01 | Queue | Villager (Male) |
| 21:10 | Build | Farm |
| 21:17 | Research | Heavy Plow |
| 21:17 | Research | Heavy Plow |
| 21:28 | Queue | Villager (Male) |
| 21:29 | Queue | Villager (Male) |
| 21:31 | Queue | Villager (Male) |
| 21:34 | Queue | Villager (Male) |
| 21:38 | Build | Farm |
| 22:05 | Queue | Villager (Male) |
| 22:06 | Queue | Villager (Male) |
| 22:10 | Build | House |
| 22:11 | Build | House |
| 22:37 | Queue | Villager (Male) |
| 22:38 | Research | Hand Cart |
| 22:39 | Research | Hand Cart |
| 22:45 | Build | Castle |
| 22:50 | Queue | Villager (Male) |
| 22:51 | Queue | Villager (Male) |
| 23:12 | Queue | Villager (Male) |
Build order — Fr4ggi
First 150 of 322 actions detected
| 0:04 | Build | House |
| 0:06 | Build | House |
| 0:12 | Queue | Villager (Male) |
| 0:12 | Queue | Villager (Male) |
| 0:12 | Queue | Villager (Male) |
| 0:12 | Queue | Villager (Male) |
| 0:40 | Queue | Villager (Male) |
| 1:42 | Queue | Villager (Male) |
| 1:59 | Build | Lumber Camp |
| 2:18 | Queue | Villager (Male) |
| 2:18 | Queue | Villager (Male) |
| 2:50 | Queue | Villager (Male) |
| 3:32 | Queue | Villager (Male) |
| 3:32 | Queue | Villager (Male) |
| 3:40 | Build | House |
| 4:13 | Queue | Villager (Male) |
| 4:13 | Queue | Villager (Male) |
| 4:24 | Build | Mill |
| 4:26 | Queue | Villager (Male) |
| 5:08 | Queue | Villager (Male) |
| 5:08 | Queue | Villager (Male) |
| 5:17 | Queue | Villager (Male) |
| 5:22 | Build | House |
| 6:10 | Queue | Villager (Male) |
| 6:47 | Build | Farm |
| 6:50 | Queue | Villager (Male) |
| 7:09 | Queue | Villager (Male) |
| 7:21 | Build | Farm |
| 7:41 | Queue | Villager (Male) |
| 8:02 | Build | Farm |
| 8:09 | Queue | Villager (Male) |
| 8:11 | Research | Feudal Age |
| 8:40 | Build | Mining Camp |
| 8:41 | Queue | Villager (Male) |
| 9:16 | Build | House |
| 9:29 | Build | Barracks |
| 9:30 | Build | House |
| 10:45 | Age | Feudal Age |
| 11:00 | Queue | Villager (Male) |
| 11:26 | Queue | Villager (Male) |
| 11:37 | Build | Farm |
| 11:51 | Build | Blacksmith |
| 12:04 | Build | Farm |
| 12:06 | Queue | Villager (Male) |
| 12:34 | Queue | Villager (Male) |
| 13:06 | Build | Stable |
| 13:09 | Build | Farm |
| 13:10 | Queue | Villager (Male) |
| 13:41 | Build | Farm |
| 13:44 | Queue | Villager (Male) |
| 13:56 | Research | Double-Bit Axe |
| 14:00 | Research | Castle Age |
| 14:57 | Build | Farm |
| 14:58 | Build | Farm |
| 14:58 | Build | Farm |
| 14:59 | Build | Farm |
| 15:05 | Research | Bloodlines |
| 15:26 | Research | Scale Barding Armor |
| 15:31 | Research | Horse Collar |
| 15:51 | Build | House |
| 15:56 | Build | House |
| 16:17 | Build | Lumber Camp |
| 16:23 | Research | Wheelbarrow |
| 16:23 | Queue | Villager (Male) |
| 16:30 | Research | Forging |
| 16:32 | Age | Castle Age |
| 16:54 | Build | Farm |
| 17:01 | Build | Farm |
| 17:11 | Queue | Knight |
| 17:29 | Build | Farm |
| 17:33 | Build | Farm |
| 17:38 | Research | Heavy Plow |
| 17:40 | Queue | Villager (Male) |
| 17:52 | Build | Farm |
| 18:11 | Research | Husbandry |
| 18:17 | Build | Farm |
| 18:26 | Queue | Villager (Male) |
| 18:44 | Build | Town Center |
| 18:52 | Queue | Villager (Male) |
| 18:55 | Queue | Knight |
| 19:14 | Queue | Villager (Male) |
| 19:18 | Queue | Knight |
| 19:34 | Research | Gold Mining |
| 19:36 | Queue | Villager (Male) |
| 19:39 | Queue | Knight |
| 19:53 | Queue | Villager (Male) |
| 20:04 | Build | Farm |
| 20:06 | Queue | Villager (Male) |
| 20:08 | Queue | Knight |
| 20:19 | Queue | Villager (Male) |
| 20:22 | Build | Farm |
| 20:29 | Build | Farm |
| 20:30 | Queue | Villager (Male) |
| 20:33 | Queue | Villager (Male) |
| 20:35 | Build | Farm |
| 20:40 | Queue | Knight |
| 20:50 | Build | Farm |
| 20:55 | Queue | Villager (Male) |
| 21:06 | Queue | Villager (Male) |
| 21:15 | Build | Farm |
| 21:16 | Queue | Villager (Male) |
| 21:36 | Build | House |
| 21:38 | Build | House |
| 21:49 | Research | Hand Cart |
| 21:58 | Research | Loom |
| 21:58 | Queue | Villager (Male) |
| 22:17 | Queue | Villager (Male) |
| 22:24 | Queue | Villager (Male) |
| 22:28 | Research | Bow Saw |
| 22:30 | Queue | Villager (Male) |
| 22:40 | Research | Stone Mining |
| 22:44 | Queue | Knight |
| 22:55 | Build | House |
| 22:56 | Build | House |
| 23:02 | Queue | Villager (Male) |
| 23:21 | Build | Farm |
| 23:24 | Build | Farm |
| 23:25 | Queue | Villager (Male) |
| 23:27 | Queue | Villager (Male) |
| 23:29 | Queue | Villager (Male) |
| 23:32 | Queue | Knight |
| 23:36 | Research | Chain Barding Armor |
| 23:57 | Build | Town Center |
| 24:00 | Queue | Villager (Male) |
| 24:01 | Queue | Villager (Male) |
| 24:08 | Research | Iron Casting |
| 24:26 | Build | Farm |
| 24:27 | Queue | Villager (Male) |
| 24:28 | Queue | Villager (Male) |
| 24:30 | Queue | Villager (Male) |
| 25:00 | Build | Stable |
| 25:20 | Build | House |
| 25:21 | Build | House |
| 25:30 | Queue | Villager (Male) |
| 25:30 | Queue | Villager (Male) |
| 25:33 | Queue | Villager (Male) |
| 25:33 | Queue | Villager (Male) |
| 25:39 | Build | Farm |
| 25:41 | Build | Farm |
| 25:42 | Queue | Villager (Male) |
| 25:43 | Queue | Villager (Male) |
| 25:49 | Research | Gold Shaft Mining |
| 26:04 | Queue | Villager (Male) |
| 26:08 | Build | Lumber Camp |
| 26:24 | Queue | Villager (Male) |
| 26:24 | Queue | Villager (Male) |
| 26:25 | Queue | Villager (Male) |
| 26:30 | Queue | Villager (Male) |
| 26:30 | Queue | Villager (Male) |
| 26:30 | Queue | Villager (Male) |
Build order — DarkWolf110722
First 150 of 248 actions detected
| 0:01 | Queue | Villager (Male) |
| 0:01 | Queue | Villager (Male) |
| 0:01 | Queue | Villager (Male) |
| 0:01 | Queue | Villager (Male) |
| 0:01 | Queue | Villager (Male) |
| 0:02 | Build | House |
| 0:04 | Build | House |
| 1:36 | Queue | Villager (Male) |
| 1:36 | Queue | Villager (Male) |
| 1:54 | Build | Lumber Camp |
| 1:58 | Queue | Villager (Male) |
| 1:58 | Queue | Villager (Male) |
| 2:16 | Queue | Villager (Male) |
| 2:16 | Queue | Villager (Male) |
| 2:48 | Queue | Villager (Male) |
| 2:48 | Queue | Villager (Male) |
| 2:48 | Queue | Villager (Male) |
| 3:18 | Queue | Villager (Male) |
| 3:18 | Queue | Villager (Male) |
| 3:19 | Queue | Villager (Male) |
| 3:41 | Queue | Villager (Male) |
| 3:41 | Queue | Villager (Male) |
| 3:54 | Build | House |
| 3:56 | Queue | Villager (Male) |
| 4:14 | Build | Mill |
| 4:16 | Queue | Villager (Male) |
| 4:18 | Build | House |
| 4:40 | Queue | Villager (Male) |
| 5:13 | Queue | Villager (Male) |
| 5:47 | Queue | Villager (Male) |
| 6:08 | Queue | Villager (Male) |
| 6:30 | Queue | Villager (Male) |
| 6:45 | Build | Mining Camp |
| 6:57 | Queue | Villager (Male) |
| 7:25 | Queue | Villager (Male) |
| 7:42 | Queue | Villager (Male) |
| 8:16 | Queue | Villager (Male) |
| 8:18 | Build | Mining Camp |
| 8:24 | Research | Feudal Age |
| 9:07 | Build | House |
| 10:22 | Research | Loom |
| 10:34 | Age | Feudal Age |
| 10:36 | Build | Market |
| 10:47 | Build | Blacksmith |
| 10:55 | Queue | Villager (Male) |
| 11:34 | Research | Castle Age |
| 12:09 | Research | Stone Mining |
| 13:55 | Build | House |
| 14:09 | Queue | Villager (Male) |
| 14:12 | Queue | Villager (Male) |
| 14:14 | Age | Castle Age |
| 14:48 | Build | Castle |
| 14:58 | Queue | Villager (Male) |
| 15:01 | Build | House |
| 16:02 | Build | Mill |
| 16:15 | Queue | Conquistador ×2 |
| 16:15 | Queue | Conquistador ×2 |
| 16:30 | Queue | Villager (Male) |
| 16:38 | Queue | Villager (Male) |
| 16:59 | Build | Farm |
| 17:03 | Queue | Conquistador |
| 17:03 | Queue | Conquistador |
| 17:17 | Queue | Villager (Male) |
| 17:43 | Queue | Conquistador |
| 17:43 | Queue | Conquistador |
| 17:43 | Queue | Conquistador |
| 17:47 | Build | Farm |
| 17:49 | Build | Farm |
| 17:50 | Queue | Villager (Male) |
| 18:10 | Queue | Villager (Male) |
| 18:17 | Queue | Conquistador ×2 |
| 18:17 | Queue | Conquistador ×2 |
| 18:28 | Build | Farm |
| 18:29 | Build | Farm |
| 18:33 | Build | Farm |
| 18:35 | Queue | Villager (Male) |
| 19:06 | Queue | Conquistador |
| 19:24 | Queue | Conquistador |
| 19:26 | Queue | Villager (Male) |
| 19:28 | Build | Farm |
| 19:39 | Queue | Petard |
| 19:40 | Queue | Petard |
| 19:45 | Queue | Villager (Male) |
| 20:08 | Queue | Conquistador |
| 20:12 | Queue | Villager (Male) |
| 20:18 | Build | Farm |
| 20:27 | Queue | Conquistador |
| 20:27 | Queue | Conquistador |
| 20:27 | Queue | Conquistador |
| 20:39 | Queue | Conquistador |
| 20:39 | Queue | Conquistador |
| 20:39 | Queue | Conquistador |
| 20:46 | Build | Farm |
| 20:55 | Queue | Petard |
| 20:58 | Queue | Villager (Male) |
| 21:02 | Queue | Conquistador |
| 21:03 | Queue | Conquistador |
| 21:03 | Queue | Conquistador |
| 21:25 | Queue | Villager (Male) |
| 21:27 | Build | Farm |
| 21:29 | Queue | Villager (Male) |
| 21:41 | Queue | Conquistador |
| 21:41 | Queue | Conquistador |
| 21:42 | Queue | Conquistador |
| 21:42 | Queue | Conquistador |
| 22:05 | Build | Farm |
| 22:06 | Queue | Villager (Male) |
| 22:08 | Queue | Conquistador |
| 22:08 | Queue | Conquistador |
| 22:35 | Queue | Conquistador |
| 22:39 | Build | Mining Camp |
| 23:18 | Queue | Conquistador |
| 23:18 | Queue | Conquistador |
| 23:27 | Build | Farm |
| 23:28 | Build | Farm |
| 23:29 | Queue | Villager (Male) |
| 23:47 | Queue | Villager (Male) |
| 23:56 | Queue | Villager (Male) |
| 24:02 | Build | Farm |
| 24:12 | Build | Siege Workshop |
| 25:00 | Queue | Conquistador ×5 |
| 25:05 | Queue | Villager (Male) |
| 25:06 | Queue | Villager (Male) |
| 25:07 | Build | Farm |
| 25:08 | Build | Farm |
| 25:11 | Queue | Villager (Male) |
| 25:15 | Build | House |
| 25:16 | Build | House |
| 25:16 | Build | House |
| 25:43 | Queue | Conquistador ×2 |
| 26:16 | Queue | Villager (Male) |
| 26:16 | Queue | Villager (Male) |
| 26:23 | Queue | Mangonel |
| 26:23 | Queue | Mangonel |
| 26:26 | Queue | Conquistador |
| 26:27 | Queue | Conquistador |
| 26:41 | Build | House |
| 26:55 | Queue | Villager (Male) |
| 27:08 | Build | Lumber Camp |
| 27:10 | Queue | Villager (Male) |
| 27:37 | Build | Barracks |
| 27:41 | Queue | Villager (Male) |
| 27:43 | Build | House |
| 27:47 | Queue | Conquistador |
| 27:47 | Queue | Conquistador |
| 27:47 | Queue | Conquistador |
| 27:47 | Queue | Conquistador |
| 27:48 | Queue | Conquistador |
| 28:01 | Queue | Villager (Male) |
| 28:02 | Build | Farm |
Build order — pickmyself or end
First 150 of 431 actions detected
| 0:01 | Queue | Villager (Male) |
| 0:01 | Queue | Villager (Male) |
| 0:02 | Build | House |
| 0:04 | Build | House |
| 0:16 | Queue | Villager (Male) |
| 0:17 | Queue | Villager (Male) |
| 0:17 | Queue | Villager (Male) |
| 1:15 | Build | Lumber Camp |
| 1:30 | Queue | Villager (Male) |
| 1:30 | Queue | Villager (Male) |
| 1:46 | Queue | Villager (Male) |
| 1:46 | Queue | Villager (Male) |
| 2:10 | Queue | Villager (Male) |
| 2:10 | Queue | Villager (Male) |
| 2:53 | Queue | Villager (Male) |
| 2:53 | Queue | Villager (Male) |
| 2:53 | Queue | Villager (Male) |
| 3:15 | Queue | Villager (Male) |
| 3:16 | Queue | Villager (Male) |
| 3:25 | Build | House |
| 3:26 | Build | House |
| 3:27 | Build | House |
| 3:30 | Build | House |
| 3:31 | Build | House |
| 4:05 | Queue | Villager (Male) |
| 4:05 | Queue | Villager (Male) |
| 4:40 | Queue | Villager (Male) |
| 4:40 | Queue | Villager (Male) |
| 4:40 | Queue | Villager (Male) |
| 4:41 | Queue | Villager (Male) |
| 4:53 | Build | Mining Camp |
| 5:28 | Build | Mill |
| 5:50 | Queue | Villager (Male) |
| 5:50 | Queue | Villager (Male) |
| 5:50 | Queue | Villager (Male) |
| 5:51 | Queue | Villager (Male) |
| 5:53 | Queue | Villager (Male) |
| 5:54 | Queue | Villager (Male) |
| 6:35 | Build | Farm |
| 6:38 | Build | Farm |
| 6:57 | Build | Farm |
| 7:15 | Build | Farm |
| 7:42 | Build | Farm |
| 8:16 | Research | Feudal Age |
| 8:16 | Research | Feudal Age |
| 8:49 | Queue | Villager (Male) |
| 8:50 | Queue | Villager (Male) |
| 10:56 | Age | Feudal Age |
| 10:59 | Build | Market |
| 11:01 | Build | Blacksmith |
| 11:12 | Research | Double-Bit Axe |
| 11:12 | Research | Double-Bit Axe |
| 11:48 | Research | Castle Age |
| 11:48 | Research | Castle Age |
| 12:02 | Research | Horse Collar |
| 12:02 | Research | Horse Collar |
| 12:33 | Build | Farm |
| 12:55 | Queue | Villager (Male) |
| 12:56 | Queue | Villager (Male) |
| 12:56 | Queue | Villager (Male) |
| 13:10 | Build | Farm |
| 14:28 | Age | Castle Age |
| 14:37 | Build | Town Center |
| 14:39 | Build | Town Center |
| 14:44 | Research | Bow Saw |
| 14:44 | Research | Bow Saw |
| 14:45 | Research | Heavy Plow |
| 14:45 | Research | Heavy Plow |
| 14:53 | Queue | Villager (Male) |
| 15:06 | Build | Farm |
| 15:09 | Build | Farm |
| 15:24 | Research | Wheelbarrow |
| 15:24 | Research | Wheelbarrow |
| 15:26 | Build | Farm |
| 16:05 | Queue | Villager (Male) |
| 16:06 | Queue | Villager (Male) |
| 16:06 | Queue | Villager (Male) |
| 16:06 | Queue | Villager (Male) |
| 16:06 | Queue | Villager (Male) |
| 16:08 | Build | Farm |
| 16:19 | Queue | Villager (Male) |
| 16:24 | Build | Farm |
| 16:27 | Queue | Villager (Male) |
| 16:45 | Build | Farm |
| 16:46 | Build | Farm |
| 16:49 | Queue | Villager (Male) |
| 16:49 | Queue | Villager (Male) |
| 16:52 | Build | Farm |
| 16:54 | Queue | Villager (Male) |
| 16:55 | Queue | Villager (Male) |
| 17:06 | Build | Farm |
| 17:12 | Queue | Villager (Male) |
| 17:12 | Queue | Villager (Male) |
| 17:15 | Build | Farm |
| 17:16 | Queue | Villager (Male) |
| 17:17 | Queue | Villager (Male) |
| 17:20 | Build | Farm |
| 17:24 | Queue | Villager (Male) |
| 17:36 | Build | Farm |
| 17:37 | Queue | Villager (Male) |
| 17:46 | Build | Farm |
| 17:51 | Build | Farm |
| 17:52 | Queue | Villager (Male) |
| 17:52 | Queue | Villager (Male) |
| 18:04 | Build | Farm |
| 18:06 | Queue | Villager (Male) |
| 18:06 | Queue | Villager (Male) |
| 18:07 | Queue | Villager (Male) |
| 18:09 | Build | House |
| 18:10 | Build | House |
| 18:22 | Build | Mining Camp |
| 18:28 | Queue | Villager (Male) |
| 18:28 | Queue | Villager (Male) |
| 18:29 | Queue | Villager (Male) |
| 18:29 | Queue | Villager (Male) |
| 18:31 | Build | Farm |
| 18:33 | Queue | Villager (Male) |
| 18:33 | Queue | Villager (Male) |
| 18:47 | Queue | Villager (Male) |
| 18:47 | Queue | Villager (Male) |
| 18:56 | Build | House |
| 18:58 | Build | House |
| 19:00 | Build | House |
| 19:01 | Queue | Villager (Male) |
| 19:01 | Queue | Villager (Male) |
| 19:02 | Queue | Villager (Male) |
| 19:16 | Build | Town Center |
| 19:28 | Build | Farm |
| 19:29 | Build | Farm |
| 19:32 | Queue | Villager (Male) |
| 19:32 | Queue | Villager (Male) |
| 19:32 | Queue | Villager (Male) |
| 19:33 | Queue | Villager (Male) |
| 19:33 | Queue | Villager (Male) |
| 19:38 | Build | House |
| 19:39 | Build | Gate |
| 19:41 | Queue | Villager (Male) |
| 19:41 | Queue | Villager (Male) |
| 19:41 | Queue | Villager (Male) |
| 19:53 | Build | Farm |
| 19:54 | Build | Farm |
| 20:02 | Build | Farm |
| 20:03 | Build | Farm |
| 20:08 | Build | Farm |
| 20:10 | Queue | Villager (Male) |
| 20:14 | Build | Farm |
| 20:14 | Queue | Villager (Male) |
| 20:15 | Queue | Villager (Male) |
| 20:15 | Queue | Villager (Male) |
| 20:20 | Build | Farm |
Match timeline
| 9:29 | Fr4ggi · first_building Barracks |
| 10:18 | The_Night_Wolf · age_up feudal |
| 10:34 | DarkWolf110722 · age_up feudal |
| 10:45 | Fr4ggi · age_up feudal |
| 10:56 | pickmyself or end · age_up feudal |
| 10:57 | Quando · age_up feudal |
| 11:30 | DarkWolf110722 · first_market_buy 500 food |
| 11:31 | DarkWolf110722 · first_market_sell 500 stone |
| 11:54 | Relief · age_up feudal |
| 13:06 | Fr4ggi · first_building Stable |
| 14:14 | DarkWolf110722 · age_up castle |
| 14:28 | pickmyself or end · age_up castle |
| 14:29 | Quando · age_up castle |
| 14:35 | The_Night_Wolf · age_up castle |
| 14:37 | Quando · first_building Monastery |
| 14:48 | DarkWolf110722 · first_building Castle |
| 15:28 | Relief · age_up castle |
| 15:51 | Relief · first_building Monastery |
| 16:09 | Relief · first_building Castle |
| 16:32 | Fr4ggi · age_up castle |
| 16:59 | The_Night_Wolf · first_market_buy 100 wood |
| 18:45 | pickmyself or end · first_market_buy 100 stone |
| 20:46 | pickmyself or end · first_building Siege Workshop |
| 21:07 | pickmyself or end · wall_segment Stone Wall x3 |
| 21:55 | pickmyself or end · wall_segment Stone Wall x3 |
| 22:02 | pickmyself or end · wall_segment Stone Wall x2 |
| 22:20 | Relief · first_building Barracks |
| 22:45 | The_Night_Wolf · first_building Castle |
| 24:05 | The_Night_Wolf · first_building Barracks |
| 24:12 | DarkWolf110722 · first_building Siege Workshop |
| 24:28 | pickmyself or end · first_building Castle |
| 24:59 | The_Night_Wolf · first_building Stable |
| 25:05 | The_Night_Wolf · first_market_sell 100 food |
| 25:08 | pickmyself or end · first_market_sell 100 food |
| 25:23 | Relief · first_building Archery Range |
| 26:32 | pickmyself or end · first_building Barracks |
| 26:41 | Quando · first_building Siege Workshop |
| 27:09 | pickmyself or end · first_building Archery Range |
| 27:37 | DarkWolf110722 · first_building Barracks |
| 27:59 | The_Night_Wolf · age_up imperial |
| 28:38 | Quando · first_market_buy 100 food |
| 28:38 | DarkWolf110722 · first_building Stable |
| 28:40 | Quando · first_market_sell 100 wood |
| 28:54 | Quando · first_building Castle |
| 29:01 | pickmyself or end · age_up imperial |
| 29:03 | Quando · first_building Barracks |
| 29:19 | pickmyself or end · first_building Stable |
| 30:08 | Quando · first_building Archery Range |
| 30:28 | Fr4ggi · first_building Castle |
| 30:35 | Quando · wall_segment Stone Wall x1 |
| 30:40 | Quando · wall_segment Stone Wall x1 |
| 30:49 | Relief · age_up imperial |
| 31:36 | Quando · wall_segment Stone Wall x1 |
| 31:54 | Quando · age_up imperial |
| 34:34 | Relief · wall_segment Stone Wall x1 |
| 35:20 | Quando · wall_segment Stone Wall x1 |
| 35:21 | Quando · wall_segment Stone Wall x1 |
| 35:21 | Quando · wall_segment Stone Wall x1 |
| 35:24 | Fr4ggi · age_up imperial |
| 35:45 | Quando · wall_segment Stone Wall x1 |
| 37:33 | DarkWolf110722 · age_up imperial |
| 39:15 | Relief · resign |
| 39:39 | pickmyself or end · first_building Monastery |
[ AI ANALYSIS · 1 CREDIT ]
What really happened in this match?
Wolo.gg analyzes every decision: build order, eco, micro, common mistakes by bracket. Personalized analysis on WhatsApp or Discord in 30 seconds.
Civ guide
Dravidians
Perfil
Jugador #2141671